 Dungeon Crawl Stone Soup version 0.30-a0-135-g630cfc4551 (webtiles) character file.

Game seed: 7373681323858382544

19 IdlyInterested the Firebug (level 2, 0/21 HPs)
             Began as a Demonspawn Wanderer on Sept 20, 2022.
             Slain by an adder (2 damage)
             ... on level 2 of the Dungeon.
             The game lasted 00:03:38 (1634 turns).

IdlyInterested the Firebug (Demonspawn Wanderer)    Turns: 1634, Time: 00:03:38

Health: 0/21       AC:  5    Str:  9    XL:     2   Next: 55%
Magic:  3/3        EV:  9    Int: 15    God:
Gold:   74         SH:  4    Dex: 13    Spells: 3/3 levels left

rFire   . . .      SeeInvis .    a - +0 dagger
rCold   + . .      Faith    .    d - +0 buckler
rNeg    . . .      Spirit   .    h - +0 ring mail
rPois   .          Reflect  .    (no helmet)
rElec   .          Harm     .    f - scarf {repulsion}
rCorr   .          Rampage  .    (no gloves)
Will    .....                    (no boots)
Stlth   +.........               (no amulet)
HPRegen 0.07/turn                b - ring of protection from cold
MPRegen 0.16/turn                (no ring)

@: lethally poisoned (0 -> -4), repel missiles
A: magic regeneration
a: no special abilities


You were on level 2 of the Dungeon.
You visited 1 branch of the dungeon, and saw 2 of its levels.

You collected 74 gold pieces.

Inventory:

Hand Weapons
 a - a +0 dagger (weapon)
 k - a +0 dagger
Armour
 c - a +0 robe
 d - a +0 buckler (worn)
 f - a scarf of repulsion (worn)
 h - a +0 ring mail (worn)
Jewellery
 b - a ring of protection from cold (left hand)
 p - a ring of ice
Scrolls
 e - a scroll of immolation
Potions
 g - a potion of heal wounds
 i - a potion of flight
 m - a potion of degeneration {unknown}
 n - a potion of curing


   Skills:
 * Level 1.6 Fighting
 + Level 0.9 Armour
 - Level 1.0 Dodging
 - Level 1.0 Shields
 * Level 1.2 Spellcasting
 - Level 2.0 Summonings
 - Level 3.6 Fire Magic
 - Level 1.0 Evocations


You had 3 spell levels left.
You didn't know any spells.
Your spell library contained the following spells:

 Spells                   Type           Power      Damage    Failure   Level
 Summon Small Mammal      Summ           24%        N/A       38%         1
 Foxfire                  Conj/Fire      24%        2x1d5     41%         1
 Freeze                   Ice            0%         1d3       67%         1
 Inner Flame              Hex/Fire       6%         N/A       78%         3
 Ignite Poison            Fire/Tmut/Pois 4%         N/A       86%         3
 Summon Guardian Golem    Hex/Summ       3%         N/A       88%         3
 Frozen Ramparts          Ice            0%         1d1       95%         3
 Cause Fear               Hex            0%         N/A       100%        4
 Hailstorm                Conj/Ice       0%         3d3       100%        4
 Discord                  Hex            0%         N/A       100%        8


Dungeon Overview and Level Annotations

Branches:
Dungeon (2/15)

Altars:


Innate Abilities, Weirdness & Mutations

You regenerate magic rapidly.


Message History

You barely miss the adder. You block the adder's attack.
You hit the adder.
The adder is lightly wounded.
The adder completely misses you.
You hit the adder but do no damage.
The adder is lightly wounded.
The adder closely misses you. The adder bites you.
You are poisoned.
The adder poisons you!
You hit the adder.
The adder is heavily wounded.
You feel sick. The adder bites you.
You closely miss the adder.
The adder is heavily wounded.
You feel sick. You block the adder's attack.
You hit the adder but do no damage.
The adder is heavily wounded.
You feel sick. The adder barely misses you. x2
You hit the adder.
The adder is heavily wounded.
You feel sick. The adder bites you.
You closely miss the adder.
The adder is heavily wounded.
You feel sick. The adder bites you.
You are lethally poisoned!
The adder poisons you! The adder bites you.
You miss the adder.
The adder is heavily wounded.
* * * LOW HITPOINT WARNING * * *
You feel sick. The adder bites you but does no damage.
You closely miss the adder.
The adder is heavily wounded.
* * * LOW HITPOINT WARNING * * *
You feel sick. You block the adder's attack.
Unknown command.
You hit the adder.
The adder is severely wounded.
* * * LOW HITPOINT WARNING * * *
You feel sick. You block the adder's attack. The adder bites you.
You die...

#. #...g. #..
#.... ##...#....
........g#
##...##..#
#.#........#
#.#....#.g.#
###.#......gg#####
..#.##.....ggS@..#
#.#.##......####.#
#.#.........#### #
###.#..#####.....#
.......#.......#.#
###†##.##.####.# #
#.#..........#
#.#..#..#.#..#
#.#..#..#.# .#


You could see an adder, 2 hobgoblins and 3 goblins.

Vanquished Creatures
  An endoplasm (D:1)
  A giant cockroach (D:1)
  2 goblins (D:1)
  3 hobgoblins
  A quokka (D:1)
  3 bats
  4 kobolds (D:1)
  3 rats (D:1)
18 creatures vanquished.

Vanquished Creatures (others)
  A fungus (D:1)
  7 plants
8 creatures vanquished.

Grand Total: 26 creatures vanquished

Notes
Turn   | Place    | Note
-------+----------+-------------------------------------------
     0 | D:1      | IdlyInterested the Demonspawn Wanderer began the quest for
                  | the Orb.
     0 | D:1      | IdlyInterested set off with the following items: a +0
                  | dagger, a potion of curing, a +0 robe, a +0 buckler; and
                  | the following spells available to memorise: Summon Small
                  | Mammal, Foxfire, Inner Flame, Ignite Poison, Summon
                  | Guardian Golem.
     0 | D:1      | Reached XP level 1. HP: 13/13 MP: 2/2
   155 | D:1      | Found a faded altar of an unknown god.
   209 | D:1      | Reached skill level 1 in Fighting
   394 | D:1      | Gained mutation: You regenerate magic rapidly. [demonic
                  | ancestry]
   394 | D:1      | Reached XP level 2. HP: 15/21 MP: 3/3
  1634 | D:2      | Slain by an adder

Illustrated notes

Levels and vault maps discovered:
D:1:      sevenhm_arrival_forest_fort_small_6, layout_basic,
          shapermc_ecumenical_altar_gd, nicolae_figureground_pulse
D:2:      layout_basic, serial_bayou, serial_bayou_shore_b,
          serial_bayou_shore_b, serial_bayou_pond_b, serial_bayou_pond_c,
          hangedman_abyss_or_decor_lesser_grid, uniq_natasha, uniq_terence,
          uniq_jessica, uniq_robin

Skill      XL: |  1 |
---------------+----+-----
Fighting       | 1 |  1.6
Armour         | |  0.9
Dodging        | |  1.0
Shields        | |  1.0
Spellcasting   | |  1.2
Summonings     | |  2.0
Fire Magic     | |  3.6
Evocations     | |  1.0

Action                   || total
-------------------------++-------
Melee: Dagger            ||   106
  Use: Scroll            ||     4
       Potion            ||     2
 Stab: Sleeping          ||     2
Armor: Robe              ||     3
       Ring mail         ||    19
Dodge: Dodged            ||    50
Block: Buckler           ||    21

Table legend: (Time is in decaauts)
 A = Elapsed time spent in this place.
 B = Non-inter-level travel time spent in this place.
 C = Inter-level travel time spent in this place.
 D = Time resting spent in this place.
 E = Time spent auto-exploring this place.
 F = Levels seen in this place.
 G = Mean time per level.
                   A        B        C        D        E       F      G
               +--------+--------+--------+--------+--------+-----+--------+
         Total |   1638 |   1496 |    142 |    470 |    721 |   2 |  819.0 |
       Dungeon |   1638 |   1496 |    142 |    470 |    721 |   2 |  819.0 |
               +--------+--------+--------+--------+--------+-----+--------+

Top non-repeatable levels by time:
     D:1: 1538 daAuts
     D:2: 100 daAuts
